PBL
MIAMI BEACH MARLINS @ AMERICUS BRAVES
09/16/2048
 
TOP OF THE 1ST
Miami Beach Marlins batting - Pitching for Americus Braves : LHP Ji-chol Lee
Pitching: LHP Ji-chol Lee
Batting: SHB Emmet Brickowski 0-0: Called Strike
0-1: Foul Ball, location: 2F
0-2: Ball
1-2: Ball
2-2: Foul Ball, location: 2F
2-2: Fly out, F8 (Line Drive, 8LD, EV 103.1 MPH)
Batting: RHB Scott Talbot 0-0: Foul Ball, location: 2F
0-1: Swinging Strike
0-2: Ground out 5-3 (Groundball, 56, EV 85.6 MPH)
Batting: RHB Torquato Uso 0-0: Called Strike
0-1: Foul Ball, location: 2F
0-2: Ball
1-2: Foul Ball, location: 2F
1-2: Ball
2-2: Ball
3-2: Base on Balls
Batting: RHB Christian Gentille 0-0: Swinging Strike
0-1: Called Strike
0-2: Strikes out swinging
Top of the 1st over - 0 runs, 0 hits, 0 errors, 1 left on base; Miami Beach 0 - Americus 0
BOTTOM OF THE 1ST
Americus Braves batting - Pitching for Miami Beach Marlins : RHP Conrad Chasar
Pitching: RHP Conrad Chasar
Batting: RHB Ryan Cole 0-0: Foul Ball, location: 2F
0-1: Ball
1-1: Called Strike
1-2: Ground out 3-1 (Groundball, 34, EV 110.6 MPH)
Batting: RHB Wilson Salgado 0-0: Foul Ball, location: 2F
0-1: Called Strike
0-2: Foul Ball, location: 2F
0-2: Strikes out swinging
Batting: LHB Garret Mathis 0-0: Ball
1-0: Swinging Strike
1-1: Ball
2-1: Foul Ball, location: 2F
2-2: Ball
3-2: Fly out, F8 (Flyball, 8RD, EV 95.6 MPH)
Bottom of the 1st over - 0 runs, 0 hits, 0 errors, 0 left on base; Miami Beach 0 - Americus 0
TOP OF THE 2ND
Miami Beach Marlins batting - Pitching for Americus Braves : LHP Ji-chol Lee
Batting: RHB Francisco Valenzuela 0-0: Called Strike
0-1: Ball
1-1: Ball
2-1: Called Strike
2-2: Reached via error on a dropped throw from SS, E3 (Groundball, 6, EV 87.5 MPH)
Batting: RHB Jim Smallwood 0-0: Ball
1-0: Ball
2-0: Foul Ball, location: 2F
2-1: Swinging Strike
2-2: Foul Ball, location: 2F
2-2: Foul Ball, location: 2F
2-2: Ball
3-2: Foul Ball, location: 2F
3-2: Fly out, F8 (Flyball, 8LXD, EV 91.2 MPH)
Runner from 1st tags up, SAFE at 2nd
Batting: RHB Josh Jones 0-0: Called Strike
0-1: Ball
1-1: Swinging Strike
1-2: Strikes out swinging
Batting: LHB Henry Huezo 0-0: Ball
1-0: Ball
2-0: Ground out 4-3 (Groundball, 4, EV 85.6 MPH)
Top of the 2nd over - 0 runs, 0 hits, 1 error, 1 left on base; Miami Beach 0 - Americus 0
BOTTOM OF THE 2ND
Americus Braves batting - Pitching for Miami Beach Marlins : RHP Conrad Chasar
Batting: RHB Bill Horne 0-0: Called Strike
0-1: Called Strike
0-2: Ball
1-2: Strikes out swinging
Batting: RHB Chris Foss 0-0: Ball
1-0: Ball
2-0: Swinging Strike
2-1: Ball
3-1: Swinging Strike
3-2: Base on Balls
Batting: RHB Josh Maxwell 0-0: Swinging Strike
0-1: Called Strike
0-2: Strikes out looking
Batting: RHB Bart Stevensdick 0-0: Called Strike
0-1: Ball
1-1: Ball
Chris Foss steals 2nd base
2-1: Called Strike
2-2: 2-RUN HOME RUN (Flyball, 89XD, EV 115.0 MPH), Distance : 430 ft
Batting: RHB Juan Barela 0-0: Ball
1-0: Ground out 5-3 (Groundball, 56, EV 87.5 MPH)
Bottom of the 2nd over - 2 runs, 1 hit, 0 errors, 0 left on base; Miami Beach 0 - Americus 2
TOP OF THE 3RD
Miami Beach Marlins batting - Pitching for Americus Braves : LHP Ji-chol Lee
Batting: RHB Hektor Luvian 0-0: Ground out 4-3 (Groundball, 4, EV 92.5 MPH)
Batting: SHB Emmet Brickowski 0-0: Ball
1-0: Called Strike
1-1: Foul Ball, location: 2F
1-2: Ball
2-2: Strikes out looking
Batting: RHB Scott Talbot 0-0: Called Strike
0-1: Swinging Strike
0-2: Strikes out swinging
Top of the 3rd over - 0 runs, 0 hits, 0 errors, 0 left on base; Miami Beach 0 - Americus 2
BOTTOM OF THE 3RD
Americus Braves batting - Pitching for Miami Beach Marlins : RHP Conrad Chasar
Batting: LHB Pappy Sterile 0-0: Ball
1-0: Called Strike
1-1: Ball
2-1: Ball
3-1: Foul Ball, location: 2F
3-2: Strikes out looking
Batting: RHB Ryan Cole 0-0: Called Strike
0-1: Foul Ball, location: 2F
0-2: Ground out 6-3 (Groundball, 6S, EV 65.6 MPH)
Batting: RHB Wilson Salgado 0-0: Ball
1-0: Ball
2-0: Ground out 3-1 (Groundball, 34, EV 83.8 MPH)
Bottom of the 3rd over - 0 runs, 0 hits, 0 errors, 0 left on base; Miami Beach 0 - Americus 2
TOP OF THE 4TH
Miami Beach Marlins batting - Pitching for Americus Braves : LHP Ji-chol Lee
Batting: RHB Torquato Uso 0-0: SINGLE (Groundball, 6MD, EV 98.8 MPH)
Batting: RHB Christian Gentille 0-0: Called Strike
0-1: Swinging Strike
0-2: Ball
1-2: Strikes out swinging
Batting: RHB Francisco Valenzuela 0-0: Ball
1-0: Ball
2-0: Ball
3-0: Base on Balls
Torquato Uso to second
Batting: RHB Jim Smallwood 0-0: Ball
1-0: Fly out, F8 (Flyball, 8RXD, EV 105.0 MPH)
Batting: RHB Josh Jones 0-0: Ball
1-0: Foul Ball, location: 2F
1-1: Foul Ball, location: 2F
1-2: SINGLE (Line Drive, 7S, EV 98.8 MPH)
Torquato Uso to third
Francisco Valenzuela to second
Runner from 3rd tries for Home, SAFE, throw by LF to home
Batting: LHB Henry Huezo 0-0: Ball
1-0: Ball
2-0: Ball
3-0: Called Strike
3-1: Base on Balls
Francisco Valenzuela to third
Josh Jones to second
Batting: RHB Hektor Luvian 0-0: Called Strike
0-1: Foul Ball, location: 2F
0-2: Ball
1-2: Strikes out swinging
Top of the 4th over - 1 run, 2 hits, 0 errors, 3 left on base; Miami Beach 1 - Americus 2
BOTTOM OF THE 4TH
Americus Braves batting - Pitching for Miami Beach Marlins : RHP Conrad Chasar
Batting: LHB Garret Mathis 0-0: Foul Ball, location: 2F
0-1: Foul Ball, location: 2F
0-2: Foul Ball, location: 2F
0-2: Strikes out swinging
Batting: RHB Bill Horne 0-0: Ball
1-0: Called Strike
1-1: Ball
2-1: Ball
3-1: Base on Balls
Batting: RHB Chris Foss 0-0: Swinging Strike
0-1: Ball
1-1: Called Strike
1-2: Strikes out swinging
Batting: RHB Josh Maxwell 0-0: Ball
1-0: Called Strike
1-1: Called Strike
1-2: Ball
2-2: Foul Ball, location: 2F
2-2: Strikes out looking
Bottom of the 4th over - 0 runs, 0 hits, 0 errors, 1 left on base; Miami Beach 1 - Americus 2
TOP OF THE 5TH
Miami Beach Marlins batting - Pitching for Americus Braves : LHP Ji-chol Lee
Batting: SHB Emmet Brickowski 0-0: Foul Ball, location: 2F
0-1: Ball
1-1: Ball
2-1: Swinging Strike
2-2: Ball
3-2: Fly out, F9 (Flyball, 89D, EV 84.4 MPH)
Batting: RHB Scott Talbot 0-0: Called Strike
0-1: Foul Ball, location: 2F
0-2: Strikes out swinging
Batting: RHB Torquato Uso 0-0: Ball
1-0: Foul Ball, location: 2F
1-1: Ball
2-1: Foul Ball, location: 2F
2-2: Ball
3-2: Base on Balls
Batting: RHB Christian Gentille 0-0: Called Strike
0-1: Swinging Strike
0-2: Foul Ball, location: 2F
0-2: Strikes out swinging
Top of the 5th over - 0 runs, 0 hits, 0 errors, 1 left on base; Miami Beach 1 - Americus 2
BOTTOM OF THE 5TH
Americus Braves batting - Pitching for Miami Beach Marlins : RHP Conrad Chasar
Batting: RHB Bart Stevensdick 0-0: Ball
1-0: Called Strike
1-1: Ground out 4-3 (Groundball, 4, EV 79.4 MPH)
Batting: RHB Juan Barela 0-0: Foul Ball, location: 2F
0-1: Ball
1-1: Foul Ball, location: 2F
1-2: Ground out 5-3 (Groundball, 56, EV 84.4 MPH)
Batting: LHB Pappy Sterile 0-0: Ground out U3 (Groundball, 3, EV 86.9 MPH)
Bottom of the 5th over - 0 runs, 0 hits, 0 errors, 0 left on base; Miami Beach 1 - Americus 2
TOP OF THE 6TH
Miami Beach Marlins batting - Pitching for Americus Braves : LHP Ji-chol Lee
Batting: RHB Francisco Valenzuela 0-0: Ball
1-0: Ball
2-0: Called Strike
2-1: Ground out 4-3 (Groundball, 4S, EV 76.2 MPH)
Batting: RHB Jim Smallwood 0-0: SINGLE (Flyball, 7S, EV 88.8 MPH)
Batting: RHB Josh Jones 0-0: Ball
1-0: Fly out, F8 (Flyball, 8RM, EV 86.2 MPH)
Batting: LHB Henry Huezo 0-0: Ball
1-0: Foul Ball, location: 2F
1-1: Foul Ball, location: 2F
1-2: Strikes out swinging
Top of the 6th over - 0 runs, 1 hit, 0 errors, 1 left on base; Miami Beach 1 - Americus 2
BOTTOM OF THE 6TH
Americus Braves batting - Pitching for Miami Beach Marlins : RHP Conrad Chasar
Batting: RHB Ryan Cole 0-0: Ball
1-0: Foul Ball, location: 2F
1-1: Ball
2-1: Ground out 6-3 (Groundball, 6, EV 86.9 MPH)
Batting: RHB Wilson Salgado 0-0: Ball
1-0: Ball
2-0: Ball
3-0: Called Strike
3-1: Called Strike
3-2: Strikes out swinging
Batting: LHB Garret Mathis 0-0: Swinging Strike
0-1: Ball
1-1: Ball
2-1: Foul Ball, location: 2F
2-2: Ball
3-2: Foul Ball, location: 2F
3-2: Foul Ball, location: 2F
3-2: Foul Ball, location: 2F
3-2: Base on Balls
Batting: RHB Bill Horne 0-0: Ball
1-0: Ball
2-0: Called Strike
Garret Mathis steals 2nd base
2-1: Swinging Strike
2-2: Fly out, F8 (Flyball, 8RD, EV 80.6 MPH)
Bottom of the 6th over - 0 runs, 0 hits, 0 errors, 1 left on base; Miami Beach 1 - Americus 2
TOP OF THE 7TH
Miami Beach Marlins batting - Pitching for Americus Braves : LHP Ji-chol Lee
Pitching: RHP Justus Gonzales
Pinch Hitting: RHB Melvin Nava 0-0: Ball
1-0: Called Strike
1-1: Ball
2-1: Ball
3-1: Foul Ball, location: 2F
3-2: Fly out, F7 (Flyball, 78S, EV 87.5 MPH)
Batting: SHB Emmet Brickowski 0-0: Ball
1-0: Ball
2-0: Ball
3-0: Foul Ball, location: 2F
3-1: Fly out, F8 (Flyball, 8LD, EV 100.0 MPH)
Batting: RHB Scott Talbot 0-0: Ball
1-0: Foul Ball, location: 2F
1-1: Ball
2-1: Swinging Strike
2-2: Strikes out swinging
Top of the 7th over - 0 runs, 0 hits, 0 errors, 0 left on base; Miami Beach 1 - Americus 2
BOTTOM OF THE 7TH
Americus Braves batting - Pitching for Miami Beach Marlins : RHP Conrad Chasar
Now at 1B: Melvin Nava
Batting: RHB Chris Foss 0-0: Called Strike
0-1: Swinging Strike
0-2: Foul Ball, location: 2F
0-2: Foul Ball, location: 2F
0-2: Foul Ball, location: 2F
0-2: Strikes out swinging
Batting: RHB Josh Maxwell 0-0: Foul Ball, location: 2F
0-1: Fly out, F4 (Popup, 4MD, EV 70.0 MPH)
Batting: RHB Bart Stevensdick 0-0: Ball
1-0: Ball
2-0: Ball
3-0: Called Strike
3-1: Base on Balls
Pitching: LHP Matt Rielly
Batting: RHB Juan Barela 0-0: Swinging Strike
0-1: Foul Ball, location: 2F
0-2: Strikes out swinging
Bottom of the 7th over - 0 runs, 0 hits, 0 errors, 1 left on base; Miami Beach 1 - Americus 2
TOP OF THE 8TH
Miami Beach Marlins batting - Pitching for Americus Braves : RHP Justus Gonzales
Batting: RHB Torquato Uso 0-0: Ball
1-0: Foul Ball, location: 2F
1-1: Foul Ball, location: 2F
1-2: Ball
2-2: Foul Ball, location: 2F
2-2: Ball
3-2: Ground out 6-3 (Groundball, 6, EV 83.8 MPH)
Batting: RHB Corbin Chauvin 0-0: Foul Ball, location: 2F
0-1: Foul Ball, location: 2F
0-2: Ball
1-2: Strikes out swinging
Batting: RHB Francisco Valenzuela 0-0: Called Strike
0-1: Swinging Strike
0-2: Ball
1-2: Ball
2-2: Strikes out looking
Top of the 8th over - 0 runs, 0 hits, 0 errors, 0 left on base; Miami Beach 1 - Americus 2
BOTTOM OF THE 8TH
Americus Braves batting - Pitching for Miami Beach Marlins : LHP Matt Rielly
Batting: LHB Pappy Sterile 0-0: Called Strike
0-1: Ball
1-1: Ball
2-1: Ball
3-1: Base on Balls
Batting: RHB Ryan Cole 0-0: Ball
Pappy Sterile is caught stealing 2nd base 2-4
1-0: Ball
2-0: Ball
3-0: Called Strike
3-1: Fly out, F9 (Flyball, 89M, EV 95.6 MPH)
Batting: RHB Wilson Salgado 0-0: Foul Ball, location: 2F
0-1: Ball
1-1: Called Strike
1-2: Ball
2-2: Foul Ball, location: 2F
2-2: Ball
3-2: Foul Ball, location: 2F
3-2: Strikes out swinging
Bottom of the 8th over - 0 runs, 0 hits, 0 errors, 0 left on base; Miami Beach 1 - Americus 2
TOP OF THE 9TH
Miami Beach Marlins batting - Pitching for Americus Braves : RHP Justus Gonzales
Pitching: RHP Bill Marshall
Pinch Hitting: LHB Takao Ogura 0-0: Ball
1-0: Foul Ball, location: 2F
1-1: Ball
2-1: Swinging Strike
2-2: Strikes out swinging
Pinch Hitting: RHB Orlando Melendres 0-0: Ball
1-0: Ground out 6-3 (Groundball, 56S, EV 82.5 MPH)
Batting: LHB Henry Huezo 0-0: Ball
1-0: Swinging Strike
1-1: Called Strike
1-2: Ball
2-2: Ball
3-2: Strikes out swinging
Top of the 9th over - 0 runs, 0 hits, 0 errors, 0 left on base; Miami Beach 1 - Americus 2
Tuesday, March 28th , 2023 - OOTP Baseball 23.10 Build 110